TOP OF THE 1ST |
Columbia Fireflies batting - Pitching for Colorado (EL) Rockies : RHP Jalen Young
|
Pitching: RHP Jalen Young
|
|
Batting: SHB Detlef Oursler
|
0-0: Ball 1-0: Foul Ball, location: 2F 1-1: Fly out, F7 (Flyball, 7D, EV 81.9 MPH)
|
Batting: RHB Reginald McDougall
|
0-0: Ball 1-0: Foul Ball, location: 2F 1-1: Ball 2-1: Foul Ball, location: 2F 2-2: Ball 3-2: Foul Ball, location: 2F 3-2: Strikes out looking
|
Batting: LHB Tony Leyba
|
0-0: Ball 1-0: Ball 2-0: Ball 3-0: Called Strike 3-1: Swinging Strike 3-2: Base on Balls
|
Batting: RHB Masaya Nakamura
|
0-0: SINGLE (Line Drive, 4D, EV 108.1 MPH) Tony Leyba to second
|
Batting: LHB Dan Bremseth
|
0-0: Ball 1-0: Ball 2-0: Ball 3-0: Base on Balls Tony Leyba to third Masaya Nakamura to second
|
Batting: SHB Jerry Burrows
|
0-0: Ball 1-0: Fly out, F9 (Flyball, 89M, EV 91.9 MPH)
|
Top of the 1st over - 0 runs, 1 hit, 0 errors, 3 left on base; Columbia 0 - Colorado (EL) 0 |
BOTTOM OF THE 1ST |
Colorado (EL) Rockies batting - Pitching for Columbia Fireflies : RHP Raymundo Pato
|
Pitching: RHP Raymundo Pato
|
|
Batting: SHB Jamie Mims
|
0-0: Ground out 4-3 (Groundball, 4, EV 105.0 MPH)
|
Batting: RHB John Corfield
|
0-0: Called Strike 0-1: Called Strike 0-2: Ball 1-2: Ball 2-2: Ground out 5-3 (Groundball, 56, EV 87.5 MPH)
|
Batting: RHB Wali Mulogo
|
0-0: Swinging Strike 0-1: Fly out, F9 (Line Drive, 9D, EV 89.4 MPH)
|
Bottom of the 1st over - 0 runs, 0 hits, 0 errors, 0 left on base; Columbia 0 - Colorado (EL) 0 |
TOP OF THE 2ND |
Columbia Fireflies batting - Pitching for Colorado (EL) Rockies : RHP Jalen Young
|
Batting: RHB Larry Shoop
|
0-0: Fly out, F2 (Popup, 15S, EV 93.8 MPH)
|
Batting: RHB Gary Hills
|
0-0: Ball 1-0: Ground out 5-3 (Groundball, 5L, EV 80.0 MPH)
|
Batting: RHB David Reyna
|
0-0: Called Strike 0-1: Ball 1-1: Ball 2-1: Called Strike 2-2: Strikes out looking
|
Top of the 2nd over - 0 runs, 0 hits, 0 errors, 0 left on base; Columbia 0 - Colorado (EL) 0 |
BOTTOM OF THE 2ND |
Colorado (EL) Rockies batting - Pitching for Columbia Fireflies : RHP Raymundo Pato
|
Batting: RHB Maurice Moore
|
0-0: Foul Ball, location: 2F 0-1: SINGLE (Groundball, 6MD, EV 97.5 MPH)
|
Batting: LHB Paul McClintock
|
0-0: Called Strike 0-1: Reached on error, E6 (Groundball, 6MS, EV 91.2 MPH) Maurice Moore to second
|
Batting: RHB Bobby Bowman
|
0-0: Fly out, F8 (Flyball, 8RM, EV 94.4 MPH)
|
Batting: SHB Craig Ruzic
|
0-0: Ball 1-0: Foul Ball, location: 2F 1-1: Foul Ball, location: 2F 1-2: Ball 2-2: Fly out, F5 (Line Drive, 56D, EV 66.9 MPH)
|
Batting: RHB Seisaburo Edagawa
|
0-0: Called Strike 0-1: Ball 1-1: Fly out, F9 (Flyball, 9LSF, EV 80.0 MPH)
|
Bottom of the 2nd over - 0 runs, 1 hit, 1 error, 2 left on base; Columbia 0 - Colorado (EL) 0 |
TOP OF THE 3RD |
Columbia Fireflies batting - Pitching for Colorado (EL) Rockies : RHP Jalen Young
|
Batting: SHB Detlef Oursler
|
0-0: Called Strike 0-1: Foul Ball, location: 2F 0-2: Ball 1-2: Strikes out looking
|
Batting: RHB Reginald McDougall
|
0-0: Ball 1-0: Ball 2-0: Called Strike 2-1: Foul Ball, location: 2F 2-2: Foul Ball, location: 2F 2-2: Ground out 6-3 (Groundball, 6, EV 103.1 MPH)
|
Batting: LHB Tony Leyba
|
0-0: Swinging Strike 0-1: Foul Ball, location: 2F 0-2: Ball 1-2: Foul Ball, location: 2F 1-2: Foul Ball, location: 2F 1-2: Foul Ball, location: 2F 1-2: Ball 2-2: Fly out, F6 (Popup, 6MS, EV 76.9 MPH)
|
Top of the 3rd over - 0 runs, 0 hits, 0 errors, 0 left on base; Columbia 0 - Colorado (EL) 0 |
BOTTOM OF THE 3RD |
Colorado (EL) Rockies batting - Pitching for Columbia Fireflies : RHP Raymundo Pato
|
Batting: LHB Daniel Green
|
0-0: Ball 1-0: Swinging Strike 1-1: DOUBLE (Line Drive, 5D, EV 93.8 MPH)
|
Batting: SHB Jamie Mims
|
0-0: Ball 1-0: Reached on error, E4 (Groundball, 4S, EV 67.5 MPH) Daniel Green scores
|
Batting: RHB John Corfield
|
0-0: Called Strike 0-1: Ball 1-1: Ball 2-1: Ball 3-1: Swinging Strike 3-2: SINGLE (Flyball, 78S, EV 89.4 MPH) Jamie Mims to third
|
Batting: RHB Wali Mulogo
|
0-0: Ball 1-0: Ball 2-0: Fly out, F8 (Flyball, 8RD, EV 95.0 MPH) Runner from 3rd tags up, SCORES, throw by CF
|
Batting: RHB Maurice Moore
|
0-0: Ball 1-0: Grounds into double play, 6-4-3 (Groundball, 6, EV 102.5 MPH)
|
Bottom of the 3rd over - 2 runs, 2 hits, 1 error, 0 left on base; Columbia 0 - Colorado (EL) 2 |
TOP OF THE 4TH |
Columbia Fireflies batting - Pitching for Colorado (EL) Rockies : RHP Jalen Young
|
Batting: RHB Masaya Nakamura
|
0-0: Foul Ball, location: 2F 0-1: Ball 1-1: Ball 2-1: DOUBLE (Flyball, 78D, EV 108.8 MPH)
|
Batting: LHB Dan Bremseth
|
0-0: Called Strike 0-1: Ball 1-1: Ball 2-1: Called Strike 2-2: Ball 3-2: Base on Balls
|
Batting: SHB Jerry Burrows
|
0-0: Foul Ball, location: 2F 0-1: Ball 1-1: Fielders Choice at 2nd, 1-6 (Groundball, 13S, EV 76.2 MPH) Masaya Nakamura to third
|
Batting: RHB Larry Shoop
|
0-0: Fly out, F8 (Flyball, 8LD, EV 105.0 MPH)
|
Batting: RHB Gary Hills
|
0-0: Ball 1-0: Ground out 1-3 (Groundball, 34S, EV 61.2 MPH)
|
Top of the 4th over - 0 runs, 1 hit, 0 errors, 2 left on base; Columbia 0 - Colorado (EL) 2 |
BOTTOM OF THE 4TH |
Colorado (EL) Rockies batting - Pitching for Columbia Fireflies : RHP Raymundo Pato
|
Batting: LHB Paul McClintock
|
0-0: Called Strike 0-1: Ball 1-1: DOUBLE (Line Drive, 78D, EV 103.8 MPH)
|
Batting: RHB Bobby Bowman
|
0-0: Ball 1-0: Ball 2-0: Ball 3-0: Called Strike 3-1: Base on Balls
|
Batting: SHB Craig Ruzic
|
0-0: Fly out, F5 (Line Drive, 5L, EV 67.5 MPH)
|
Batting: RHB Seisaburo Edagawa
|
0-0: Foul Ball, location: 2F 0-1: Ball 1-1: Swinging Strike 1-2: Foul Ball, location: 2F 1-2: Ball 2-2: Ball 3-2: Strikes out swinging
|
Batting: LHB Daniel Green
|
0-0: SINGLE (Groundball, 6D, EV 96.2 MPH) Paul McClintock to third Bobby Bowman to second
|
Batting: SHB Jamie Mims
|
0-0: Ball 1-0: Ball 2-0: Ball 3-0: Called Strike 3-1: Called Strike 3-2: Strikes out swinging
|
Bottom of the 4th over - 0 runs, 2 hits, 0 errors, 3 left on base; Columbia 0 - Colorado (EL) 2 |
TOP OF THE 5TH |
Columbia Fireflies batting - Pitching for Colorado (EL) Rockies : RHP Jalen Young
|
Batting: RHB David Reyna
|
0-0: Ball 1-0: Ball 2-0: SINGLE (Groundball, 4MD, EV 103.8 MPH)
|
Batting: SHB Detlef Oursler
|
0-0: Called Strike 0-1: Foul Ball, location: 2F 0-2: Ball 1-2: Foul Ball, location: 2F 1-2: Fielders Choice at 2nd, 3-6 (Groundball, 3, EV 109.4 MPH)
|
Batting: RHB Reginald McDougall
|
0-0: Ball Detlef Oursler steals 2nd, throwing error, E2 Detlef Oursler to third 1-0: Swinging Strike 1-1: Ball 2-1: Ball 3-1: Base on Balls
|
Batting: LHB Tony Leyba
|
0-0: Called Strike Reginald McDougall steals 2nd base 0-1: Hit by Pitch
|
Batting: RHB Masaya Nakamura
|
0-0: Called Strike 0-1: Ball 1-1: Ball 2-1: Ball 3-1: Base on Balls Detlef Oursler scores Reginald McDougall to third Tony Leyba to second
|
Batting: LHB Dan Bremseth
|
0-0: Ball 1-0: Ball 2-0: Foul Ball, location: 2F 2-1: Foul Ball, location: 2F 2-2: Strikes out looking
|
Batting: SHB Jerry Burrows
|
0-0: Ball 1-0: Called Strike 1-1: Ball 2-1: SINGLE (Groundball, 4MD, EV 103.1 MPH) Reginald McDougall scores Tony Leyba to third Masaya Nakamura to second Runner from 3rd tries for Home, SAFE, throw by CF to home
|
Batting: RHB Larry Shoop
|
0-0: Ball 1-0: Ball 2-0: Ball 3-0: Called Strike 3-1: Called Strike 3-2: Strikes out swinging
|
Top of the 5th over - 3 runs, 2 hits, 1 error, 2 left on base; Columbia 3 - Colorado (EL) 2 |
BOTTOM OF THE 5TH |
Colorado (EL) Rockies batting - Pitching for Columbia Fireflies : RHP Raymundo Pato
|
Batting: RHB John Corfield
|
0-0: Foul Ball, location: 2F 0-1: Swinging Strike 0-2: Ball 1-2: Ball 2-2: DOUBLE (Groundball, 3L, EV 104.4 MPH)
|
Batting: RHB Wali Mulogo
|
0-0: Foul Ball, location: 2F 0-1: Foul Ball, location: 2F 0-2: Ball 1-2: Strikes out swinging
|
Batting: RHB Maurice Moore
|
0-0: Foul Ball, location: 2F 0-1: Ground out U3 (Groundball, 34, EV 82.5 MPH) John Corfield to third
|
Batting: LHB Paul McClintock
|
0-0: Called Strike 0-1: Swinging Strike 0-2: Ball 1-2: Ground out 5-3 (Groundball, 5L, EV 86.2 MPH)
|
Bottom of the 5th over - 0 runs, 1 hit, 0 errors, 1 left on base; Columbia 3 - Colorado (EL) 2 |
TOP OF THE 6TH |
Columbia Fireflies batting - Pitching for Colorado (EL) Rockies : RHP Jalen Young
|
Batting: RHB Gary Hills
|
0-0: Ball 1-0: Ball 2-0: Fly out, F8 (Flyball, 8RS, EV 71.9 MPH)
|
Pitching: RHP Dane Long
|
|
Batting: RHB David Reyna
|
0-0: Called Strike 0-1: Ball 1-1: Called Strike 1-2: Strikes out swinging
|
Batting: SHB Detlef Oursler
|
0-0: Ball 1-0: Ball 2-0: Called Strike 2-1: Swinging Strike 2-2: Ball 3-2: Base on Balls
|
Batting: RHB Reginald McDougall
|
0-0: Called Strike Detlef Oursler steals 2nd base (no throw) 0-1: Ball 1-1: Foul Ball, location: 2F 1-2: Fly out, F7 (Flyball, 78D, EV 99.4 MPH)
|
Top of the 6th over - 0 runs, 0 hits, 0 errors, 1 left on base; Columbia 3 - Colorado (EL) 2 |
BOTTOM OF THE 6TH |
Colorado (EL) Rockies batting - Pitching for Columbia Fireflies : RHP Raymundo Pato
|
Batting: RHB Bobby Bowman
|
0-0: Foul Ball, location: 2F 0-1: Foul Ball, location: 2F 0-2: Ball 1-2: Foul Ball, location: 2F 1-2: Ball 2-2: Ball 3-2: Fly out, F7 (Flyball, 7LD, EV 91.9 MPH)
|
Batting: SHB Craig Ruzic
|
0-0: DOUBLE (Flyball, 78XD, EV 111.2 MPH)
|
Batting: RHB Seisaburo Edagawa
|
0-0: Called Strike 0-1: SINGLE (Line Drive, 8RS, EV 103.8 MPH) Craig Ruzic to third Runner from 3rd tries for Home, SAFE, throw by CF to home
|
Batting: LHB Daniel Green
|
0-0: Called Strike 0-1: Ball 1-1: Called Strike 1-2: Ball 2-2: Ball 3-2: Foul Ball, location: 2F 3-2: Foul Ball, location: 2F 3-2: Foul Ball, location: 2F 3-2: Fly out, F7 (Flyball, 7, EV 91.9 MPH)
|
Batting: SHB Jamie Mims
|
0-0: Ball 1-0: Foul Ball, location: 2F 1-1: Fly out, F7 (Flyball, 7, EV 93.8 MPH)
|
Bottom of the 6th over - 1 run, 2 hits, 0 errors, 1 left on base; Columbia 3 - Colorado (EL) 3 |
TOP OF THE 7TH |
Columbia Fireflies batting - Pitching for Colorado (EL) Rockies : RHP Dane Long
|
Pitching: LHP Kyle Mearkle
|
|
Batting: LHB Tony Leyba
|
0-0: Called Strike 0-1: Ball 1-1: Ball 2-1: Foul Ball, location: 2F 2-2: Strikes out swinging
|
Batting: RHB Masaya Nakamura
|
0-0: Ball 1-0: Ball 2-0: Foul Ball, location: 2F 2-1: DOUBLE (Groundball, 5L, EV 100.0 MPH)
|
Batting: LHB Dan Bremseth
|
0-0: Foul Ball, location: 2F 0-1: Called Strike 0-2: Ball 1-2: Ball 2-2: Strikes out swinging
|
Batting: SHB Jerry Burrows
|
0-0: Foul Ball, location: 2F 0-1: Ball 1-1: Ball 2-1: Swinging Strike 2-2: Ball 3-2: Strikes out looking
|
Top of the 7th over - 0 runs, 1 hit, 0 errors, 1 left on base; Columbia 3 - Colorado (EL) 3 |
BOTTOM OF THE 7TH |
Colorado (EL) Rockies batting - Pitching for Columbia Fireflies : RHP Raymundo Pato
|
Pitching: RHP Mike Mojica
|
|
Batting: RHB John Corfield
|
0-0: Ball 1-0: Ball 2-0: Fly out, F9 (Line Drive, 9D, EV 95.0 MPH)
|
Batting: RHB Wali Mulogo
|
0-0: Ball 1-0: Ball 2-0: Foul Ball, location: 2F 2-1: Foul Ball, location: 2F 2-2: Fly out, F7 (Line Drive, 7S, EV 103.8 MPH)
|
Batting: RHB Maurice Moore
|
0-0: Fly out, F9 (Flyball, 9, EV 93.8 MPH)
|
Bottom of the 7th over - 0 runs, 0 hits, 0 errors, 0 left on base; Columbia 3 - Colorado (EL) 3 |
TOP OF THE 8TH |
Columbia Fireflies batting - Pitching for Colorado (EL) Rockies : LHP Kyle Mearkle
|
Pitching: LHP Domenic Wells
|
|
Batting: RHB Larry Shoop
|
0-0: Fly out, F8 (Flyball, 8LS, EV 86.9 MPH)
|
Batting: RHB Gary Hills
|
0-0: Ball 1-0: Called Strike 1-1: Foul Ball, location: 2F 1-2: Ball 2-2: Foul Ball, location: 2F 2-2: Ground out 6-3 (Groundball, 6, EV 84.4 MPH)
|
Batting: RHB David Reyna
|
0-0: Ball 1-0: Called Strike 1-1: Ball 2-1: Fly out, F7 (Flyball, 78M, EV 89.4 MPH)
|
Top of the 8th over - 0 runs, 0 hits, 0 errors, 0 left on base; Columbia 3 - Colorado (EL) 3 |
BOTTOM OF THE 8TH |
Colorado (EL) Rockies batting - Pitching for Columbia Fireflies : RHP Mike Mojica
|
Batting: LHB Paul McClintock
|
0-0: Ball 1-0: Ground out 6-3 (Groundball, 6, EV 89.4 MPH)
|
Batting: RHB Bobby Bowman
|
0-0: Called Strike 0-1: Ball 1-1: Ball 2-1: Foul Ball, location: 2F 2-2: Foul Ball, location: 2F 2-2: Foul Ball, location: 2F 2-2: DOUBLE (Line Drive, 9LM, EV 110.6 MPH)
|
Batting: SHB Craig Ruzic
|
0-0: Called Strike 0-1: SINGLE (Popup, 4MD, EV 58.8 MPH) Bobby Bowman to third
|
Batting: RHB Seisaburo Edagawa
|
0-0: Ball 1-0: Called Strike 1-1: DOUBLE (Flyball, 5D, EV 96.9 MPH) Bobby Bowman scores Craig Ruzic to third
|
Batting: LHB Daniel Green
|
0-0: Ball 1-0: Ball 2-0: Foul Ball, location: 2F 2-1: Ball 3-1: Called Strike 3-2: DOUBLE (Flyball, 89D, EV 99.4 MPH) Craig Ruzic scores Seisaburo Edagawa scores
|
Pitching: RHP Geoff McDaniel
|
|
Batting: SHB Jamie Mims
|
0-0: Fly out, F8 (Line Drive, 78D, EV 92.5 MPH)
|
Batting: RHB John Corfield
|
0-0: Called Strike 0-1: Ball 1-1: Ground out 4-3 (Groundball, 4, EV 79.4 MPH)
|
Bottom of the 8th over - 3 runs, 4 hits, 0 errors, 1 left on base; Columbia 3 - Colorado (EL) 6 |
TOP OF THE 9TH |
Columbia Fireflies batting - Pitching for Colorado (EL) Rockies : LHP Domenic Wells
|
Batting: SHB Detlef Oursler
|
0-0: Called Strike 0-1: DOUBLE (Line Drive, 7LD, EV 105.0 MPH)
|
Batting: RHB Reginald McDougall
|
0-0: Ball 1-0: Swinging Strike 1-1: Ground out 1-3 (Groundball, 15S, EV 65.0 MPH)
|
Batting: LHB Tony Leyba
|
0-0: Foul Ball, location: 2F 0-1: Ball 1-1: Ball 2-1: Ball 3-1: Base on Balls
|
Batting: RHB Masaya Nakamura
|
0-0: Called Strike 0-1: Ball 1-1: Ball 2-1: Foul Ball, location: 2F 2-2: SINGLE (Line Drive, 34, EV 94.4 MPH) Detlef Oursler to third Tony Leyba to second
|
Batting: LHB Dan Bremseth
|
0-0: Foul Ball, location: 2F 0-1: Ball 1-1: SINGLE (Line Drive, 9S, EV 100.0 MPH) Detlef Oursler scores Tony Leyba to third Masaya Nakamura to second
|
Batting: SHB Jerry Burrows
|
0-0: Ball 1-0: Grounds into double play, 6-4-3 (Groundball, 6, EV 84.4 MPH)
|
Top of the 9th over - 1 run, 3 hits, 0 errors, 2 left on base; Columbia 4 - Colorado (EL) 6 |
|